 Dungeon Crawl Stone Soup version 0.32-a0-666-ge8a88695a4 (webtiles) character file.

Game seed: 17127573664543318924

1733 ezpacito the Chopper (level 9, -10/68 HPs)
             Began as a Coglin Chaos Knight on Mar 9, 2024.
             Was a Plaything of Xom.
             Mangled by an orc warrior
             ... wielding a +0 glaive
              (12 damage)
             ... in a bailey.
             The game lasted 00:10:49 (5582 turns).

ezpacito the Chopper (Coglin Chaos Knight)          Turns: 5582, Time: 00:10:50

Health: -10/68     AC: 16    Str: 16    XL:     9   Next: 5%
Magic:  15/15      EV:  6    Int: 19    God:    Xom [.*....]
Gold:   274        SH:  0    Dex: 15    Spells: 5/12 levels left

rFire   . . .        j - +4 whip (chaos) {Umi}
rCold   + . .        i - staff "Maxesarch" {^Fragile rElec rN+ Int+4 SInv Necro}
rNeg    + . .        s - +0 plate armour of the Slug {+Blink Int+2 Dex+2 Stlth-}
rPois   .            (helmet unavailable)
rElec   +            (no cloak)
rCorr   .            (no gloves)
SInv    +            f - +1 pair of boots
Will    .....        (amulet unavailable) Stlth
                     (ring unavailable)
HPRegen 0.31/turn    (ring unavailable)
MPRegen 0.14/turn    (no gizmo)

%: clarity
@: about to teleport, revving
A: off-hand wielding, slow wielding, warmup strikes, no jewellery, horns 3,
iridescent scales 1, clarity, cold resistance 1, high MP 2
a: Invent Gizmo, Renounce Religion, Evoke Blink


You were in a bailey.
You worshipped Xom.
You were a plaything of Xom.
You visited 2 branches of the dungeon, and saw 8 of its levels.
You also visited: Bailey.

You collected 391 gold pieces.
You spent 117 gold pieces at shops.

Inventory:

Hand Weapons
 a - a +0 hand axe of chaos {Cenhelm}
 d - a +0 vampiric dagger {Nodoka}
 j - a +4 whip of chaos (weapon) {Umi}
 w - a +3 spear of flaming
Missiles
 b - 8 javelins
 n - 6 poisoned darts
 o - 6 boomerangs (quivered)
 p - 2 darts of dispersal
Armour
 f - a +1 pair of boots (worn)
 l - a +0 helmet
 m - a +2 chain mail of poison resistance
 s - the +0 plate armour of the Slug (worn) {+Blink Int+2 Dex+2 Stlth-}
   (You found it on level 7 of the Dungeon)

   Int+2:     It affects your intelligence (+2).
   Dex+2:     It affects your dexterity (+2).
   +Blink:    It lets you blink.
   Stlth-:    It makes you less stealthy.
Magical Staves
 i - the staff "Maxesarch" (offhand) {^Fragile rElec rN+ Int+4 SInv Necro}
   (You found it on level 5 of the Dungeon)

   [staff of death]

   Base accuracy: +5 Base damage: 5 Base attack delay: 1.2 This weapon's minimum
   attack delay (0.6) is reached at skill level 12.
   Int+4:     It affects your intelligence (+4).
   rElec:     It insulates you from electricity.
   rN+:       It protects you from negative energy.
   SInv:      It lets you see invisible.
   ^Fragile:  It will be destroyed if unequipped.
   Necro:     It increases the power of your Necromancy spells.
   It falls into the 'Staves' category.
   It is a one-graspered weapon.
Talismans
 g - a storm talisman
 h - a serpent talisman
Wands
 c - a wand of charming (6)
Scrolls
 e - 2 scrolls of torment
 k - a scroll of revelation
 t - 2 scrolls of teleportation
 u - 2 scrolls of brand weapon
Potions
 r - a potion of enlightenment


   Skills:
 * Level 5.2 Fighting
 * Level 5.3(5.9) Axes
 + Level 1.7(3.7) Maces & Flails
 + Level 2.7(4.3) Polearms
 + Level 1.4(2.6) Staves
 - Level 1.0 Throwing
 * Level 4.3 Armour
 * Level 3.9 Dodging
 + Level 2.3 Stealth
 + Level 2.3 Spellcasting
 + Level 1.9 Alchemy
 + Level 2.2 Evocations


You had 5 spell levels left.
You knew the following spells:

 Your Spells              Type           Power      Damage    Failure   Level
a - Necrotise             Necr           12%        1d4       100%        1
b - Sting                 Conj/Alch      20%        1d4       99%         1
c - Summon Small Mammal   Summ           8%         N/A       100%        1
d - Dazzling Flash        Conj/Hex       4%         N/A       100%        3
g - Apportation           Tloc           4%         N/A       100%        1

Your spell library contained the following spells:

 Spells                   Type           Power      Damage    Failure   Level
 Gell's Gravitas          Tloc           2%         N/A       100%        3
 Teleport Other           Tloc           2%         N/A       100%        3
 Volatile Blastmotes      Fire/Tloc      4%         2d10      100%        3
 Dispersal                Tloc           1%         N/A       100%        6
 Starburst                Conj/Fire      1%         6d3       100%        6
 Maxwell's Capacitive Co  Air            1%         ∞         100%        8


Dungeon Overview and Level Annotations

Branches:
Dungeon (7/15)             Temple (1/1) D:4          Bailey (1/1)

Altars:
Ashenzari
Cheibriados
Dithmenos
Elyvilon
Fedhas
Gozag
Hepliaklqana
Kikubaaqudgha
Makhleb
Nemelex Xobeh
Okawaru
Qazlal
Ru
Sif Muna
Trog
Uskayaw
Vehumet
Wu Jian
Xom
Yredelemnul
Zin
The Shining One

Shops:
D:3 *   D:6 [


Innate Abilities, Weirdness & Mutations

You can wield a second weapon in your off-hand.
It takes a long time for you to wield or remove held weapons.
Your first few attacks do less damage.
You cannot equip rings or amulets.
You have a pair of large horns on your head.
You are partially covered in iridescent scales. (AC +2)
You possess an exceptional clarity of mind.
Your flesh is cold resistant. (rC+)
You have a considerably increased reservoir of magic. (+20% MP)


Message History

Aim: an orc warrior, wielding a +0 spear and wearing a +0 chain mail (chance to affect: 54%)
The orc warrior resists with significant effort.
The orc warrior shouts!
The orc warrior hits you with a +0 spear.
The orc warrior hits you with a +0 halberd.
The orc warrior closely misses you.
The orc hits you from afar with a +0 spear.
You take 10 damage, and have 47/68 hp.
The orc warrior stops moving altogether!
The orc warrior hits you with a +0 spear!
The orc warrior hits you with a +0 glaive.
You take 10 damage, and have 37/68 hp.
The orc warrior closely misses you.
The orc warrior hits you with a +0 glaive!
An orc warrior comes into view. It is wielding a +0 glaive.
You take 13 damage, and have 24/68 hp.
An orc warrior comes into view. It is wielding a +5 halberd.
The orc warrior shouts!
The orc hits you but does no damage.
The orc warrior hits you with a +0 trident!
* * * LOW HITPOINT WARNING * * *
Things that are here:
a +0 trident; a +0 chain mail You take 13 damage, and have 11/68 hp.
As you read the scroll of teleportation, it crumbles to dust.
You feel strangely unstable. The orc barely misses you.
The orc warrior hits you but does no damage. x2
The orc warrior hits you from afar with a +0 spear.
* * * LOW HITPOINT WARNING * * *
Okay, then.
You hit the orc warrior but do no damage.
The orc warrior appears confused.
You hit the orc warrior but do no damage.
The orc hits you but does no damage.
The orc warrior jeers repeatedly, in orcish tradition.
The orc warrior hits you from afar with a +0 trident!
* * * LOW HITPOINT WARNING * * *
The orc warrior hits you with a +0 glaive!
You die...
Xom snickers!

≈≈≈≈≈♣♣♣♣ .≈≈≈≈≈..♣♣
..≈≈≈≈≈..♣#
####..≈≈≈≈...# ∆
########o.#..≈≈≈≈≈..####
..........#...≈≈≈≈.....##
.o....ooo##...≈≈≈≈..♣♣...
#######.o#....≈≈≈≈..♣....
#.. ∆ #ß@#...######......
. ∆∆#..#...............
∆∆#o)'...............
∆∆#..'...............
∆∆#..#...)........... ∆
#ßo#...######......
#..#....≈≈≈≈.......
...##.♣.≈≈≈≈..♣....
.....#...≈≈≈≈.....##


You could see 6 orc warriors and an orc.

Vanquished Creatures
  A dream sheep (D:3)
  A water moccasin (D:6)
  2 orc warriors
  2 sky beasts
  2 ogres
  A phantom (D:3)
  A kobold brigand (D:6)
  A lemure (D:3)
  2 bullfrogs
  4 scorpions
  A killer bee (D:7)
  A bombardier beetle (D:6)
  A hound (D:7)
  An orc priest (D:3)
  A jelly (D:6)
  2 orc wizards (D:6)
  Robin (D:4)
  3 gnolls (D:7)
  4 adders
  2 ufetubi (D:6)
  2 dart slugs
  5 ribbon worms
  19 orcs
  10 ball pythons
  7 endoplasms
  3 giant cockroaches
  18 goblins
  9 hobgoblins
  8 kobolds
  5 quokkas
  6 bats
  2 frilled lizards
  9 rats
137 creatures vanquished.

Vanquished Creatures (collateral kills)
  A kobold (D:6)
1 creature vanquished.

Grand Total: 138 creatures vanquished

Notes
Turn   | Place    | Note
-------+----------+-------------------------------------------
     0 | D:1      | ezpacito the Coglin Chaos Knight began the quest for the
                  | Orb.
     0 | D:1      | Reached XP level 1. HP: 18/18 MP: 1/1
    23 | D:1      | Reached skill level 1 in Dodging
    56 | D:1      | XOM: silly message
   152 | D:1      | XOM: silly message
   165 | D:1      | Reached XP level 2. HP: 23/24 MP: 2/2
   892 | D:2      | Reached XP level 3. HP: 29/29 MP: 3/3
  1154 | D:2      | XOM: summons 1 hostile demon
  1221 | D:2      | Reached XP level 4. HP: 35/35 MP: 4/4
  1223 | D:2      | XOM: 9-stop teleportation journey
  1252 | D:2      | XOM: cloud trail
  1364 | D:2      | XOM: torment (18/35 hp)
  1486 | D:2      | XOM: give mutations
  1486 | D:2      | Gained mutation: You possess an exceptional clarity of
                  | mind. [Xom's grace]
  1486 | D:2      | Gained mutation: Your flesh is cold resistant. (rC+) [Xom's
                  | grace]
  1565 | D:3      | XOM: divination: detect items
  1574 | D:3      | Found a stormy altar of Qazlal.
  1574 | D:3      | Noticed a sky beast
  1775 | D:3      | Noticed a phantom
  1779 | D:3      | Found Bielud's Assorted Antiques.
  1780 | D:3      | XOM: divination: magic mapping
  1781 | D:3      | XOM: enchant monster (bad)
  1782 | D:3      | XOM: noise
  1792 | D:3      | Reached XP level 5. HP: 14/41 MP: 6/6
  1797 | D:3      | Killed a phantom
  1798 | D:3      | Reached skill level 1 in Polearms
  1798 | D:3      | Reached skill level 1 in Throwing
  1798 | D:3      | Reached skill level 1 in Stealth
  1798 | D:3      | Reached skill level 1 in Spellcasting
  1964 | D:3      | XOM: 2-stop teleportation journey
  2009 | D:3      | Killed a sky beast
  2010 | D:3      | Reached XP level 6. HP: 32/48 MP: 7/7
  2086 | D:3      | XOM: 1-stop teleportation journey
  2096 | D:3      | Found a broken altar of Ashenzari.
  2282 | D:3      | Bought a blue potion for 27 gold pieces
  2282 | D:3      | Bought 3 scrolls labelled YLIKIB EDIR for 90 gold pieces
  2320 | D:3      | XOM: 2-stop teleportation journey
  2381 | D:3      | XOM: noise
  2499 | D:4      | Noticed Robin
  2500 | D:4      | Noticed Pikel
  2502 | D:4      | XOM: silly message
  2595 | D:3      | XOM: noise
  2605 | D:3      | XOM: chaos upgrade
  2612 | D:3      | Pikel changed into Pikel the dream sheep
  2612 | D:3      | Noticed Pikel
  2612 | D:3      | XOM: polymorph Pikel -> Pikel the dream sheep
  2616 | D:3      | Killed Pikel the dream sheep
  2617 | D:3      | Reached XP level 7. HP: 54/54 MP: 7/9
  2710 | D:4      | Killed Robin
  2902 | D:4      | Learned a level 1 spell: Apportation
  2904 | D:4      | Learned a level 1 spell: Necrotise
  2906 | D:4      | Learned a level 1 spell: Sting
  2908 | D:4      | Learned a level 1 spell: Summon Small Mammal
  2912 | D:4      | Learned a level 3 spell: Dazzling Flash
  2955 | D:4      | Found a staircase to the Ecumenical Temple.
  2965 | Temple   | Entered the Ecumenical Temple
  3134 | D:4      | Found a basalt altar of Yredelemnul.
  3134 | D:4      | Found an iron altar of Okawaru.
  3263 | D:4      | XOM: god gift: glowing orb {god gift}
  3288 | D:5      | Entered Level 5 of the Dungeon
  3423 | D:5      | Identified the staff "Maxesarch" {^Fragile rElec rN+ Int+4
                  | SInv Necro}
  3549 | D:5      | XOM: scenery: 1 doors open
  3571 | D:5      | XOM: cloud trail
  3850 | D:5      | Found a bloodstained altar of Trog.
  3902 | D:5      | XOM: smoke on damage
  4027 | D:5      | XOM: god gift: scroll of torment
  4080 | D:5      | XOM: give mutations
  4080 | D:5      | Gained mutation: You have a pair of small horns on your
                  | head. [Xom's grace]
  4080 | D:5      | Gained mutation: You have a pair of horns on your head.
                  | [Xom's grace]
  4121 | D:6      | Reached skill level 1 in Alchemy
  4121 | D:6      | Reached skill level 1 in Evocations
  4121 | D:6      | Reached XP level 8. HP: 53/61 MP: 10/10
  4190 | D:6      | Reached skill level 1 in Maces & Flails
  4281 | D:4      | XOM: give mutations
  4281 | D:4      | Gained mutation: You are partially covered in iridescent
                  | scales. (AC +2) [Xom's grace]
  4281 | D:4      | Gained mutation: You have an increased reservoir of magic.
                  | (+10% MP) [Xom's grace]
  4281 | D:4      | Gained mutation: You have a considerably increased
                  | reservoir of magic. (+20% MP) [Xom's grace]
  4281 | D:4      | Gained mutation: You have a pair of large horns on your
                  | head. [Xom's grace]
  4473 | D:6      | Reached skill level 1 in Staves
  4492 | D:6      | Found a radiant altar of Vehumet.
  4504 | D:6      | XOM: scenery: create altars
  4602 | D:6      | XOM: scenery: 1 doors close
  4619 | D:6      | XOM: summons friendly shadow imp
  4727 | D:6      | XOM: cloud trail
  4758 | D:6      | Found Tilil's Armour Shop.
  4767 | D:6      | XOM: scenery: 2 doors close
  4896 | D:6      | XOM: divination: detect items
  4901 | D:6      | XOM: scenery: create altars
  4916 | D:7      | Found a glowing silver altar of Zin.
  4916 | D:7      | Found an opulent altar of Gozag.
  4963 | D:7      | Reached skill level 5 in Axes
  4978 | D:7      | XOM: polymorph gnoll sergeant -> goblin
  5081 | D:7      | Identified the +0 plate armour of the Slug {+Blink Int+2
                  | Dex+2 Stlth-}
  5155 | D:7      | XOM: cleaving
  5218 | D:7      | Reached skill level 5 in Fighting
  5219 | D:7      | XOM: 2-stop teleportation journey
  5336 | D:7      | Found a flagged portal.
  5342 | Bailey   | Entered a bailey
  5383 | Bailey   | Reached XP level 9. HP: 27/68 MP: 15/15
  5572 | Bailey   | XOM: blink monster(s)
  5575 | Bailey   | XOM: divination: detect items
  5582 | Bailey   | HP: 2/68 [orc warrior/+0 trident (9)]
  5582 | Bailey   | Mangled by an orc warrior

Illustrated notes

Levels and vault maps discovered:
D:1:      mrwooster_arrival_arrow, layout_basic
D:2:      layout_loops_ring
D:3:      layout_rooms, nicolae_qazlal_beasts_of_the_sky,
          mainiacjoe_overflow_catwalk, serial_curves, eino_curves_03,
          eino_curves_02, serial_shops, nicolae_shop_tiny_waterfront
D:4:      layout_rooms, nicolae_overflow_two_pavilions,
          minmay_temple_entry_antechambers, kennysheep_nondescript, uniq_robin,
          uniq_pikel
D:5:      layout_basic, trog_butcher_becter
D:6:      layout_rooms, lemuel_round_altar, serial_shops,
          nicolae_shop_behind_doors, dk_noncrumbling_3
D:7:      layout_basic, pdpol_temple_overflow_zin_treasury_gozag_greed,
          serial_curves, eino_curves_01, eino_curves_04, enter_bailey_3,
          st_stairs_1, kennysheep_windowed_goal
Temple:   eino_temple_water
Bailey:   bailey_polearm_elven_captive_hellmonk, bailey

Skill      XL: |  1  2  3  4  5  6  7  8 |
---------------+-------------------------+-----
Dodging        | 1 2 3 |  3.9
Armour         | 2 3 4 |  4.3
Polearms       | 1 2 |  2.7
Throwing       | 1 |  1.0
Stealth        | 1 2 |  2.3
Spellcasting   | 1 2 |  2.3
Fighting       | 4 5 |  5.2
Axes           | 4 5 |  5.3
Alchemy        | 1 |  1.9
Evocations     | 1 2 |  2.2
Maces & Flails | 1 |  1.7
Staves         | 1 |  1.4

Action                     |  1- 3 |  4- 6 |  7- 9 || total
---------------------------+-------+-------+-------++-------
  Melee: Hand axe          |    82 |   119 |    29 ||   230
         Dagger            |    68 |   109 |       ||   177
         Whip              |       |       |   153 ||   153
         Staff             |       |       |   111 ||   111
         Headbutt          |       |       |    32 ||    32
  Evoke: Wand              |       |       |     1 ||     1
    Use: Potion            |       |     7 |     2 ||     9
         Scroll            |       |     2 |    14 ||    16
   Stab: Sleeping          |     1 |       |       ||     1
         Held in net/web   |       |     1 |       ||     1
         Confused          |       |     2 |       ||     2
         Paralysed         |       |       |     3 ||     3
         Petrifying        |       |       |     5 ||     5
         Petrified         |       |       |     3 ||     3
 Armour: Leather armour    |    21 |       |       ||    21
         Chain mail        |    27 |   113 |   152 ||   292
         Skin              |       |     8 |       ||     8
         Plate armour      |       |       |    25 ||    25
  Dodge: Dodged            |    59 |    33 |    71 ||   163

Table legend: (Time is in decaauts)
 A = Elapsed time spent in this place.
 B = Non-inter-level travel time spent in this place.
 C = Inter-level travel time spent in this place.
 D = Time resting spent in this place.
 E = Time spent auto-exploring this place.
 F = Levels seen in this place.
 G = Mean time per level.
                   A        B        C        D        E       F      G
               +--------+--------+--------+--------+--------+-----+--------+
         Total |   5582 |   5239 |    343 |    329 |   3753 |   9 |  620.2 |
       Dungeon |   5341 |   4998 |    343 |    203 |   3691 |   7 |  763.0 |
        Temple |      1 |      1 |      0 |      0 |      0 |   1 |    1.0 |
        Bailey |    239 |    239 |      0 |    126 |     62 |   1 |  239.0 |
               +--------+--------+--------+--------+--------+-----+--------+

Top non-repeatable levels by time:
     D:3: 1003 daAuts
     D:5: 919 daAuts
     D:1: 861 daAuts
     D:2: 733 daAuts
     D:4: 726 daAuts
     D:6: 668 daAuts
     D:7: 428 daAuts
  Bailey: 239 daAuts
  Temple: 1 daAuts
